 Dungeon Sprint DCSS version 0.24.0-125-gc4c63601f3 (webtiles) character file.

Game seed: 7886960205660316662, levelgen mode: deterministic

2100000 Ponchio the Metallomancer (level 12, -14/59 HPs)
             Began as a Deep Elf Earth Elementalist on Mar 4, 2020.
             Demolished by a meat berserker
             ... wielding a +9 battleaxe
              (44 damage)
             ... in the Dungeon (Sprint VIII: "Arena of Blood").
             The game lasted 00:03:23 (21 turns).

Ponchio the Metallomancer (DEEE)                      Turns: 21, Time: 00:03:24

Health: -14/59     AC:  2    Str:  5    XL:     12   Next: 96%
Magic:  7/41       EV: 13    Int: 26    God:
Gold:   0          SH:  0    Dex: 15    Spells: 56/57 levels left

rFire    . . .     SeeInvis .   a - +โˆž Axe of Woe
rCold    . . .     Gourm    .   (shield currently unavailable)
rNeg     . . .     Faith    .   c - +0 robe
rPois    .         Spirit   .   (no helmet)
rElec    .         Reflect  .   (no cloak)
rCorr    .         Harm     .   (no gloves)
MR       +....     NoTele   +   (no boots)
Stlth    ++........             (no amulet)
HPRegen  0.19/turn              (no ring)
MPRegen  0.27/turn              (no ring)

@: very slightly contaminated, hasted, very quick
A: no striking features
a: no special abilities


You were in the Dungeon.
You were not hungry.

You visited 1 branch

Inventory:

Hand Weapons
 a - the +โˆž Axe of Woe (weapon)
   (You found it in the Dungeon)
Missiles
 b - 30 stones (quivered)
Armour
 c - a +0 robe (worn)
Potions
 e - a potion of curing
 f - a potion of heal wounds
 h - 2 potions of magic
 i - a potion of berserk rage
Comestibles
 d - a ration


   Skills:
 * Level 0.0 Fighting
 + Level 2.4 Dodging
 - Level 2.4 Stealth
 - Level 23.3 Spellcasting
   Level 1.1 Transmutations
 - Level 26.6 Earth Magic


You had 56 spell levels left.
You knew the following spells:

 Your Spells              Type           Power        Failure   Level  Hunger
a - Sandblast             Erth           ######       0%          1    None

Your spell library contained the following spells:

 Spells                   Type           Power        Failure   Level  Hunger
 Passwall                 Tmut/Erth      #######.     0%          2    None
 Stone Arrow              Conj/Erth      ######       0%          3    None
 Lee's Rapid Deconstruct  Erth           ########..   0%          5    None
 Petrify                  Tmut/Erth      #######.     1%          4    None


Dungeon Overview and Level Annotations

Branches:
Dungeon (1/1)

Altars:
Makhleb


Message History

A bag of meat comes into view. It is wielding a +9 war axe.
The meat berserker rages.
You hear a shout!
You hear a shout! x3
A meat berserker comes into view. It is wielding a +9 battleaxe.
You hear a shout! x3
A meat berserker comes into view. It is wielding a +9 battleaxe.
You hear a shout!
A bag of meat comes into view. It is wielding a +9 war axe.
The meat berserker rages.
Casting: Sandblast (safe; 0% risk of failure)
Confirm with . or Enter, or press ? or * to list all spells.
Okay, then. 4 orcs come into view.
The bag of meat shouts! x2; You hear a shout! x4
A bag of meat comes into view. It is wielding a +9 war axe.
The bag of meat hits you with a +9 war axe!!
The meat berserker hits you with a +9 battleaxe!!!
Ouch! That really hurt!
You die... #o..oo ...#...... #oO.oO

...#.......... #..o.o
###.o.#o........
#..o..###......#........
#..oo#O....oo..........
#...o....#o..o........
#.........#O...o...#.
#......@.O.o.#.....#..
#.....o.O.#.Oo...###..
#....#....o...).......##
#...
##.......#........ยง #.o
#.....#.......#... #=
.o###.....o....#_.< # .#
....#.......#... o#
.....O.#........_
...............##


You could see 8 meat berserkers and 20 bags of meat.

Vanquished Creatures
  2 orcs (D)
2 creatures vanquished.

Notes
Turn   | Place    | Note
-------+----------+-------------------------------------------
     0 | D        | Found the +โˆž Axe of Woe
     0 | D        | Ponchio the Deep Elf Earth Elementalist began the quest for
                  | the Orb.
     0 | D        | Reached XP level 1. HP: 10/10 MP: 6/6
     2 | D        | Noticed a bag of meat
     2 | D        | Noticed a bag of meat
     3 | D        | Noticed a bag of meat
     6 | D        | Noticed a meat berserker
     6 | D        | Noticed a bag of meat
     8 | D        | Noticed a meat berserker
    11 | D        | Noticed a meat berserker
    11 | D        | Noticed a bag of meat
    11 | D        | Noticed a bag of meat
    11 | D        | Noticed a meat berserker
    11 | D        | Noticed a bag of meat
    11 | D        | Noticed a bag of meat
    12 | D        | Noticed a bag of meat
    13 | D        | Noticed a bag of meat
    13 | D        | Noticed a meat berserker
    14 | D        | Killed a bag of meat
    14 | D        | Reached skill level 23 in Earth Magic
    14 | D        | Reached XP level 2. HP: 15/15 MP: 6/25
    14 | D        | Reached XP level 3. HP: 19/19 MP: 6/27
    14 | D        | Reached XP level 4. HP: 24/24 MP: 6/28
    14 | D        | Reached XP level 5. HP: 28/28 MP: 6/30
    14 | D        | Reached XP level 6. HP: 32/32 MP: 6/31
    14 | D        | Reached XP level 7. HP: 36/36 MP: 6/33
    14 | D        | Reached XP level 8. HP: 41/41 MP: 6/34
    14 | D        | Reached XP level 9. HP: 45/45 MP: 6/35
    14 | D        | Reached XP level 10. HP: 50/50 MP: 6/36
    14 | D        | Reached XP level 11. HP: 54/54 MP: 6/37
    14 | D        | Killed a bag of meat
    14 | D        | Reached skill level 26 in Earth Magic
    14 | D        | Reached XP level 12. HP: 59/59 MP: 6/41
    14 | D        | Noticed a bag of meat
    14 | D        | Noticed a bag of meat
    15 | D        | Noticed a meat berserker
    16 | D        | Noticed a bag of meat
    16 | D        | Noticed a bag of meat
    16 | D        | Noticed a bag of meat
    16 | D        | Noticed a bag of meat
    17 | D        | Noticed a bag of meat
    17 | D        | Noticed a bag of meat
    17 | D        | Noticed a bag of meat
    18 | D        | Noticed a bag of meat
    18 | D        | Noticed a bag of meat
    18 | D        | Noticed a bag of meat
    18 | D        | Noticed a bag of meat
    19 | D        | Noticed a meat berserker
    19 | D        | Noticed a meat berserker
    19 | D        | Noticed a bag of meat
    19 | D        | Noticed a bag of meat
    19 | D        | Noticed a bag of meat
    19 | D        | Noticed a bag of meat
    19 | D        | Noticed a bag of meat
    19 | D        | Noticed a bag of meat
    20 | D        | Noticed a meat berserker
    20 | D        | Noticed a meat berserker
    20 | D        | Noticed a bag of meat
    21 | D        | Noticed a bag of meat
    21 | D        | Noticed a bag of meat
    21 | D        | Noticed a bag of meat
    21 | D        | Noticed a bag of meat
    21 | D        | Noticed a bag of meat
    21 | D        | Demolished by a meat berserker

Levels and vault maps discovered:
D:        meatsprint

Skill      XL: |  1  2  3  4  5  6  7  8  9 10 11 |
---------------+----------------------------------+-----
Spellcasting   | 20 23 | 23.3
Earth Magic    | 23 26 | 26.6
Dodging        | |  2.4
Stealth        | |  2.4
Transmutations | |  1.1

Action                   |  1- 3 |  4- 6 |  7- 9 | 10-12 || total
-------------------------+-------+-------+-------+-------++-------
Melee: Executioner's axe |     1 |       |       |       ||     1
  Use: Scroll            |     1 |       |       |       ||     1
       Potion            |     1 |       |       |       ||     1
Dodge: Dodged            |       |       |       |     1 ||     1
